 Dungeon Crawl Stone Soup version 0.27.1-2-g3b301248ec (webtiles) character file.

Game seed: 8176639131173006354

382 VictoriousLee the Caller (level 6, -2/32 HPs)
             Began as a Tengu Summoner on Sept 23, 2021.
             Slain by an orc (6 damage)
             ... on level 3 of the Dungeon.
             The game lasted 00:24:18 (4758 turns).

VictoriousLee the Caller (Tengu Summoner)           Turns: 4758, Time: 00:24:19

Health: -2/32      AC:  2    Str:  8    XL:     6   Next: 76%
Magic:  11/11      EV: 14    Int: 18    God:
Gold:   124        SH:  0    Dex: 14    Spells: 1/11 levels left

rFire    . . .     SeeInvis .   E - +2 flail (protect)
rCold    . . .     Faith    .   (no shield)
rNeg     . . .     Spirit   .   a - +0 robe
rPois    .         Reflect  .   (helmet restricted)
rElec    .         Harm     .   (no cloak)
rCorr    .         Rampage  .   (no gloves)
Will     .....                  (boots unavailable)
Stlth    +.........             c - amulet of the acrobat
HPRegen  0.10/turn              (no ring)
MPRegen  0.12/turn              (no ring)

@: confused, mighty, flying quickly and evasively, quick
A: beak, talons 3, nimble flight
a: no special abilities


You were on level 3 of the Dungeon.
You visited 1 branch of the dungeon, and saw 4 of its levels.

You collected 124 gold pieces.

Inventory:

Hand Weapons
 d - a +0 club
 h - a +0 dagger
 q - a +0 spear
 x - a +2 dagger of venom
 C - a +2 whip of pain
 E - a +2 flail of protection (weapon)
Missiles
 j - 35 bolts
 m - 8 poisoned darts
 y - 5 silver boomerangs
Armour
 a - a +0 robe (worn)
 r - a +0 chain mail
 A - a +0 scale mail
Jewellery
 c - an amulet of the acrobat (around neck)
Wands
 D - a wand of flame (5)
Scrolls
 e - a scroll of identify {unknown}
 f - a scroll of fog {unknown}
 g - a scroll of summoning {unknown}
 i - a scroll of torment {unknown}
 k - 2 scrolls of blinking {unknown}
 n - 2 scrolls of amnesia {unknown}
 o - a scroll of enchant armour {unknown}
 p - a scroll of fear {unknown}
 t - a scroll of immolation {unknown}
 u - 4 scrolls of teleportation
 w - a scroll of silence {unknown}
Potions
 b - a potion of might
 l - a potion of brilliance {unknown}
 s - 2 potions of heal wounds {unknown}
 v - a potion of curing {unknown}
 z - a potion of flight {unknown}
 B - a potion of degeneration {unknown}


   Skills:
 - Level 2.1 Dodging
 - Level 2.0 Stealth
 - Level 3.0 Spellcasting
 - Level 7.0 Summonings
 * Level 5.7 Air Magic


You had one spell level left.
You knew the following spells:

 Your Spells              Type           Power      Damage    Failure   Level
a - Call Imp              Summ           27%        N/A       1%          2
b - Summon Small Mammal   Summ           100%       N/A       1%          1
c - Call Canine Familiar  Summ           27%        N/A       2%          3
s - Summon Lightning Spi  Summ/Air       25%        N/A       12%         4

Your spell library contained the following spells:

 Spells                   Type           Power      Damage    Failure   Level
 Summon Guardian Golem    Hex/Summ       15%        N/A       12%         3
 Silence                  Hex/Air        6%         N/A       80%         5
 Passage of Golubria      Tloc           N/A        N/A       85%         4
 Lehudib's Crystal Spear  Conj/Erth      1%         10d2      100%        8


Dungeon Overview and Level Annotations

Branches:
Dungeon (4/15)
 Temple: D:4-7

Altars:
Gozag
Kikubaaqudgha
Qazlal
Uskayaw
Zin

Shops:
D:3 :


Innate Abilities, Weirdness & Mutations

You have a beak for a mouth.
You have claws for feet.
Your magical nature lets you fly swiftly and evasively.


Message History

You start resting.
HP restored.
You see here a +2 flail of protection.
E - a +2 flail of protection Your +2 dagger of venom stops dripping with poison.
Your +2 flail of protection hums with potential!
E - a +2 flail of protection (weapon)
Casting: Call Canine Familiar (dangerous; 2% risk of failure)
Confirm with . or Enter, or press ? or * to list all spells.
Okay, then.
Okay, then.
There is a stone staircase leading down here.
You fly downwards.
The orc closely misses you. The orc hits you with a +0 club.
The orc hits you with a +0 hand axe.
There is a stone staircase leading up, spattered with blood here.
The orc misses you.
The orc wizard points at you and mumbles some strange words.
You resist with some effort. The orc hits you with a +0 hand axe.
You fly upwards.
There is a stone staircase leading down here.
Okay, then.
The orc wizard casts a spell at you.
You are confused.
You closely miss the orc. Your peck misses the orc. The orc misses you.
The orc wizard gestures at you while chanting.
You resist with some effort. The orc hits you with a +0 club.
The orc hits you with a +0 hand axe. The orc wizard barely misses you.
The orc hits you but does no damage.
You're too confused to move!
The orc hits you with a +0 hand axe.
* * * LOW HITPOINT WARNING * * *
The orc wizard hits you with a +0 dagger.
* * * LOW HITPOINT WARNING * * *
The orc hits you with a +0 club.
* * * LOW HITPOINT WARNING * * *
You are too confused!
Unknown command.
It was a potion of might.
You feel very mighty all of a sudden. The orc hits you with a +0 hand axe.
You die...

######## #####
##...o>.## ....#
##...@o...## ≈≈≈.###
#.....o....# ..≈.'.#
#..........# _.≈.'.#
#..........# ..≈.'.#
#..........#
≈≈≈.#.######..........#
§...#..............<.##
#####.................#
.......#####..........#


You could see an orc wizard and 2 orcs.

Vanquished Creatures
  A sky beast (D:3)
  A bullfrog skeleton (D:4)
  Natasha (twice) (D:4)
  A hound zombie (D:4)
  3 gnolls
  A worm (D:4)
  3 orcs (D:4)
  3 ball pythons
  4 endoplasms
  A giant cockroach (D:1)
  3 hobgoblins
  A jackal (D:1)
  A bat (D:3)
  A frilled lizard (D:3)
  2 kobolds
  4 rats
32 creatures vanquished.

Vanquished Creatures (collateral kills)
  A necrophage (D:3)
  A hound (D:3)
  Jessica (D:3)
  An iguana (D:3)
  Natasha (D:4)
  An orc wizard (D:4)
  Terence (D:3)
  3 gnolls (D:2)
  6 adders
  An orc (D:3)
  4 ball pythons
  4 bats
  5 endoplasms
  4 goblins
  4 hobgoblins (D:1)
  2 quokkas (D:1)
  A frilled lizard (D:1)
  5 rats (D:1)
46 creatures vanquished.

Vanquished Creatures (others)
  2 plants (D:1)
2 creatures vanquished.

Grand Total: 80 creatures vanquished

Notes
Turn   | Place    | Note
-------+----------+-------------------------------------------
     0 | D:1      | VictoriousLee the Tengu Summoner began the quest for the
                  | Orb.
     0 | D:1      | Reached XP level 1. HP: 10/10 MP: 4/4
    32 | D:1      | Found a faded altar of an unknown god.
    58 | D:1      | Reached skill level 5 in Summonings
   351 | D:1      | Reached XP level 2. HP: 9/15 MP: 4/6
   354 | D:1      | Learned a level 2 spell: Call Imp
  1406 | D:1      | Reached XP level 3. HP: 17/19 MP: 7/7
  1522 | D:1      | Reached skill level 6 in Summonings
  2256 | D:2      | Reached XP level 4. HP: 8/24 MP: 0/8
  2765 | D:2      | Learned a level 4 spell: Summon Lightning Spire
  2846 | D:3      | Found an ancient bone altar of Kikubaaqudgha.
  2885 | D:3      | Noticed Jessica
  2899 | D:3      | Reached skill level 1 in Air Magic
  2905 | D:3      | Killed Jessica
  3189 | D:3      | Found a hide-covered altar of Uskayaw.
  3192 | D:3      | Reached skill level 7 in Summonings
  3192 | D:3      | Gained mutation: Your magical nature lets you fly swiftly
                  | and evasively. [Tengu growth]
  3192 | D:3      | Reached XP level 5. HP: 28/28 MP: 4/9
  3253 | D:3      | Noticed a sky beast
  3500 | D:3      | Noticed a necrophage
  3533 | D:3      | Killed a necrophage
  3573 | D:3      | Found Unylemi's Book Shoppe.
  3634 | D:3      | Found a stormy altar of Qazlal.
  3724 | D:3      | Killed a sky beast
  3827 | D:3      | Found an opulent altar of Gozag.
  3839 | D:3      | Reached XP level 6. HP: 22/32 MP: 7/11
  3939 | D:3      | Noticed Terence
  3953 | D:3      | Killed Terence
  3967 | D:3      | Learned a level 3 spell: Call Canine Familiar
  4153 | D:4      | Noticed Natasha
  4158 | D:4      | Killed Natasha
  4251 | D:4      | Found a glowing silver altar of Zin.
  4274 | D:4      | Reached skill level 5 in Air Magic
  4283 | D:4      | Noticed Natasha
  4292 | D:4      | Killed Natasha
  4331 | D:4      | Noticed Natasha
  4337 | D:4      | Killed Natasha
  4758 | D:3      | Slain by an orc

Illustrated notes

Levels and vault maps discovered:
D:1:      scummos_arrival_checkerplants, layout_basic,
          shapermc_ecumenical_altar_acropolis, minmay_cut_off
D:2:      layout_rooms, serial_rivers, chequers_serial_rivers_micro_e,
          chequers_serial_rivers_large_a, chequers_serial_rivers_micro_e,
          chequers_serial_rivers_micro_a, chequers_serial_rivers_marsh,
          chequers_serial_rivers_small_a, minmay_box_of_dots
D:3:      layout_rooms, mainiacjoe_overflow_alcove_4,
          mainiacjoe_overflow_brackets, mainiacjoe_overflow_alcove_1,
          nicolae_uskayaw_suspiria, serial_shops, shop,
          kennysheep_generic_room_4, uniq_terence, uniq_jessica
D:4:      layout_basic, kennysheep_mini_moat, zin_statuary,
          minmay_temple_entry_waves, uniq_natasha

Skill      XL: |  1  2  3  4  5  6 |
---------------+-------------------+-----
Summonings     | 5 6 7 |  7.0
Air Magic      | 2 3 5 |  5.7
Spellcasting   | 3 |  3.0
Dodging        | |  2.1
Stealth        | |  2.0

Action                   |  1- 3 |  4- 6 || total
-------------------------+-------+-------++-------
Melee: Club              |    47 |     4 ||    51
       Unarmed           |     6 |       ||     6
       Kick              |    12 |    19 ||    31
       Peck              |     7 |    19 ||    26
       Dagger            |       |    55 ||    55
       Flail             |       |     1 ||     1
Throw: Dart              |     6 |       ||     6
 Cast: Summon Small Mamm |     8 |       ||     8
       Call Imp          |    36 |    34 ||    70
       Call Canine Famil |       |     2 ||     2
  Use: Scroll            |       |     1 ||     1
       Potion            |       |     1 ||     1
 Stab: Sleeping          |     2 |     2 ||     4
Armor: Robe              |    11 |     6 ||    17
Dodge: Dodged            |    59 |    43 ||   102
